 Dungeon Crawl Stone Soup version 0.25-a0-426-g7d9e569eea (webtiles) character file.

Game seed: 9640600442671446048, levelgen mode: deterministic

149 Kohma the Chiller (level 5, -9/38 HPs)
             Began as a Merfolk Ice Elementalist on Jan 25, 2020.
             Mangled by a gnoll
             ... wielding a +0 halberd
              (15 damage)
             ... on level 3 of the Dungeon.
             The game lasted 00:08:52 (2643 turns).

Kohma the Chiller (Merfolk Ice Elementalist)        Turns: 2643, Time: 00:08:52

Health: -9/38      AC:  6    Str:  9    XL:     5   Next: 31%
Magic:  3/9        EV: 13    Int: 15    God:
Gold:   93         SH:  0    Dex: 14    Spells: 6/10 levels left

rFire    . . .     SeeInvis .   o - +0 hunting sling
rCold    . . .     Gourm    .   (no shield)
rNeg     . . .     Faith    .   f - +3 leather armour
rPois    .         Spirit   .   (no helmet)
rElec    .         Reflect  .   (no cloak)
rCorr    .         Harm     .   (no gloves)
MR       .....                  (no boots)
Stlth    ++........             (no amulet)
HPRegen  0.12/turn              (no ring)
MPRegen  0.11/turn              (no ring)

@: very slightly contaminated
A: change form in water, swift swim, stealthy swim
a: no special abilities


You were on level 3 of the Dungeon.
You were not hungry.

You visited 1 branch of the dungeon, and saw 3 of its levels.

You collected 93 gold pieces.

Inventory:

Hand Weapons
 e - a +0 whip
 o - a +0 hunting sling (weapon)
 u - a +0 spear
Missiles
 d - 41 stones (quivered)
 q - 15 poisoned darts
 s - 22 sling bullets
Armour
 a - a +0 robe
 f - a +3 leather armour (worn)
Jewellery
 j - an uncursed ring of ice {unknown}
Scrolls
 h - a scroll of enchant weapon {unknown}
 i - a scroll of noise {unknown}
 l - a scroll of enchant armour {unknown}
 n - 3 scrolls of remove curse {unknown}
 r - a scroll of identify {unknown}
Potions
 g - a potion of magic {unknown}
 k - 2 potions of curing {unknown}
 m - a potion of haste {unknown}
 p - a potion of brilliance {unknown}
 t - 2 potions of mutation {unknown}
Comestibles
 b - 2 chunks of flesh
 c - 3 rations


   Skills:
 + Level 1.7 Fighting
 + Level 0.1 Polearms
 + Level 3.7 Dodging
 - Level 2.1 Stealth
 - Level 3.0 Spellcasting
 - Level 2.2 Charms
 - Level 5.0 Ice Magic


You had 6 spell levels left.
You knew the following spells:

 Your Spells              Type           Power        Failure   Level  Hunger
a - Freeze                Ice            ###.         3%          1    #......
b - Ozocubu's Armour      Chrm/Ice       ##......     19%         3    ###....

Your spell library contained the following spells:

 Spells                   Type           Power        Failure   Level  Hunger
 Hailstorm                Conj/Ice       #.......     69%         4    #####..
 Summon Ice Beast         Ice/Summ       #.......     69%         4    #####..


Dungeon Overview and Level Annotations

Branches:
Dungeon (3/15)

Altars:
Hepliaklqana
Okawaru


Message History

Confirm with . or Enter, or press ? or * to list all spells.
Aiming: Freeze (safe; 3% risk of failure)
Press: ? - help, Shift-Dir - straight line, f/p - gnoll
Aim: a gnoll, wielding a +0 halberd (heavily wounded)
You freeze the gnoll.
The gnoll is severely wounded.
The gnoll hits you but does no damage.
The gnoll hits you from afar with a +0 halberd!
* * * LOW HITPOINT WARNING * * *
Casting: Freeze (safe; 3% risk of failure)
Confirm with . or Enter, or press ? or * to list all spells.
Aiming: Freeze (safe; 3% risk of failure)
Press: ? - help, Shift-Dir - straight line, f/p - gnoll
Aim: a gnoll, wielding a +0 halberd (severely wounded)
You freeze the gnoll.
The gnoll is severely wounded.
The gnoll hits you with a +0 halberd.
* * * LOW HITPOINT WARNING * * *
The gnoll hits you from afar with a +0 halberd!
You die...

... ..(..>.... ...
#......... .........#
#......... .. .
.........###.%....... ..#.#
<.......##.......... ....
.................... #..#
#......##g#g........
...#####.#..#.##.#.........
.#.##....#.##...@#.........
##.##...........g#.........
......#####................
......# #......##...$....
###########................
...........#.......(. ...#
#####...รท..#......... ####
#..)...#......... #
#...<..#....>...


You could see 2 gnolls.

Vanquished Creatures
  An orc wizard (D:2)
  2 gnolls (D:3)
  An adder (D:3)
  An ooze (D:2)
  2 dart slugs (D:1)
  A leopard gecko (D:2)
  3 orcs (D:2)
  3 giant cockroaches
  11 goblins
  11 hobgoblins
  7 jackals
  3 quokkas
  8 bats
  3 frilled lizards
  9 kobolds
  7 rats
73 creatures vanquished.

Notes
Turn   | Place    | Note
-------+----------+-------------------------------------------
     0 | D:1      | Kohma the Merfolk Ice Elementalist began the quest for the
                  | Orb.
     0 | D:1      | Reached XP level 1. HP: 13/13 MP: 3/3
   336 | D:1      | Reached XP level 2. HP: 19/19 MP: 1/5
   479 | D:1      | Reached skill level 5 in Ice Magic
   698 | D:1      | Reached XP level 3. HP: 24/24 MP: 3/6
   891 | D:1      | Learned a level 3 spell: Ozocubu's Armour
  1572 | D:2      | Found a hazy altar of Hepliaklqana.
  1575 | D:2      | Reached XP level 4. HP: 31/31 MP: 6/8
  1694 | D:2      | Reached skill level 1 in Charms
  1809 | D:2      | Found an iron altar of Okawaru.
  2107 | D:3      | Reached skill level 1 in Fighting
  2273 | D:2      | Reached XP level 5. HP: 15/37 MP: 1/9
  2643 | D:3      | Mangled by a gnoll

Levels and vault maps discovered:
D:1:      minmay_arrival_doors, layout_basic
D:2:      layout_loops_cross, okawaru_gym_becter, lemuel_crystal_altar,
          first_ration
D:3:      layout_rooms, lemuel_blue_sif_altar, lemuel_doored_altar,
          minmay_cut_off

Skill      XL: |  1  2  3  4 |
---------------+-------------+-----
Ice Magic      | 5 |  5.0
Spellcasting   | 3 |  3.0
Charms         | 2 |  2.2
Dodging        | 3 |  3.7
Fighting       | 1 |  1.7
Polearms       | |  0.1
Stealth        | |  2.1

Action                   |  1- 3 |  4- 6 || total
-------------------------+-------+-------++-------
Melee: Whip              |     3 |       ||     3
 Fire: Hunting sling     |    11 |    49 ||    60
Throw: Stone             |     1 |       ||     1
 Cast: Freeze            |    58 |    42 ||   100
  Eat: Chunk             |     3 |     3 ||     6
Armor: Leather armour    |    23 |    19 ||    42
Dodge: Dodged            |    28 |    51 ||    79

Table legend:
 A = Non-vault XP
 B = Vault XP
 C = Vault XP percentage of total XP
 D = Non-vault monster count
 E = Vault monster count
 F = Vault count percentage of total count
                 A         B        C        D         E       F
            +---------+---------+-------+---------+---------+-------
      Total |     213 |       0 |   0.0 |      73 |       0 |   0.0
            +---------+---------+-------+---------+---------+-------
        D:1 |      53 |       0 |   0.0 |      32 |       0 |   0.0
        D:2 |     106 |       0 |   0.0 |      32 |       0 |   0.0
        D:3 |      54 |       0 |   0.0 |       9 |       0 |   0.0
            +---------+---------+-------+---------+---------+-------
